AoeStats
← 曠曠曠曠曠曠工

Baltic

510551860Analyzed
4v4 RM · 8h ago on Oct 1, 2026· 59m 21s· 8 players
Game mode
Random Map
Map size
Large (8 player)
Population
200
Speed
Normal
Resources
Standard
Victory
Conquest
Starting age
Dark Age
Ending age
Imperial Age
RankedLock teamsTeams togetherTeam positionsShared explorationLock speedFull tech treeHidden civsTurbo modeCheats
Victory
Defeat
🇦🇺 Koreans · Australia
1172
+15
🇭🇰 Vikings · Hong Kong SAR China
1171
+15
🇬🇧 Portuguese · United Kingdom
1143
+16
🇭🇰 Franks · Hong Kong SAR China
1115
+17
🇯🇴 Dravidians · Jordan
1173
-18
🇪🇸 Huns · Spain
1157
-16
🇵🇱 Danes · Poland
1127
-15
🇻🇳 Romans · Vietnam
1099
-14
Chexco9004
10:35 Feudal Age
11:18 Loom
13:28 Scale Barding Armor
13:34 Forging
19:25 Horse Collar
25:22 Castle Age
23:43 Double-Bit Axe
23:54 Gold Mining
30:25 Pikeman
33:47 Scale Mail Armor
34:13 Squires
38:54 Chain Mail Armor
41:24 Heavy Plow
42:58 Marauders
45:39 Iron Casting
Sir Cumcised
0:27 Loom
11:09 Feudal Age
12:08 Double-Bit Axe
17:36 Castle Age
15:48 Horse Collar
19:53 Wheelbarrow
19:28 Fletching
27:01 Ballistics
28:04 Bow Saw
28:57 Elite Skirmisher
29:43 Thumb Ring
29:46 Padded Archer Armor
32:23 Hand Cart
34:43 Imperial Age
32:27 Town Watch
33:04 Heavy Plow
34:20 Hand Cart
34:32 Gold Mining
34:57 Forging
34:48 Scale Mail Armor
35:26 Elite Jomsviking
36:27 Conscription
36:39 Bodkin Arrow
37:00 Leather Archer Armor
38:04 Iron Casting
37:44 Chain Mail Armor
Koko
11:38 Feudal Age
17:23 Castle Age
16:00 Double-Bit Axe
20:15 Horse Collar
30:35 Imperial Age
29:26 Wheelbarrow
28:36 Loom
28:47 Gold Mining
29:08 Fletching
29:19 Padded Archer Armor
31:52 Heavy Plow
32:09 Bow Saw
33:04 Chemistry
32:02 Bodkin Arrow
32:22 Leather Archer Armor
34:12 Ballistics
33:57 Bracer
34:28 Ring Archer Armor
35:03 Forging
34:53 Scale Mail Armor
36:11 Elite Elephant Archer
40:22 Onager
satc1014
10:51 Feudal Age
15:06 Castle Age
14:10 Double-Bit Axe
14:06 Horse Collar
23:34 Scale Mail Armor
23:39 Pikeman
25:48 Chain Mail Armor
30:51 Forging
31:22 Squires
34:10 Wheelbarrow
36:09 Imperial Age
33:25 Loom
34:21 Wheelbarrow
35:45 Iron Casting
35:48 Bow Saw
37:56 Blast Furnace
37:19 Conscription
36:27 Halberdier
37:12 Town Watch
40:56 Hand Cart
40:52 Fletching
41:26 Ballistics
曠曠曠曠曠曠工
11:31 Feudal Age
18:13 Castle Age
16:12 Double-Bit Axe
16:21 Gold Mining
17:32 Fletching
18:34 Fishing Lines
19:07 Padded Archer Armor
20:00 Loom
20:34 Bow Saw
21:02 Medium Warships
21:14 Town Watch
23:07 Gillnets
25:25 Wheelbarrow
25:11 Horse Collar
27:19 Stone Mining
28:44 Bodkin Arrow
30:03 Gambesons
29:39 Pikeman
33:11 Imperial Age
31:42 Hand Cart
34:05 Treadmill Crane
35:56 Chemistry
35:15 Town Patrol
37:03 Conscription
38:48 Arquebus
38:55 Bracer
40:41 Elite Cannon Galleon
42:24 Bombard Tower
42:24 Circumnavigation
45:11 Elite Skirmisher
45:57 Thumb Ring
46:33 Leather Archer Armor
46:24 Scale Barding Armor
46:30 Forging
47:01 Ballistics
46:49 Siege Engineers
52:46 Sappers
52:38 Elite Organ Gun
55:30 Guilds
建興法師
5:24 Loom
12:09 Feudal Age
16:25 Castle Age
38:30 Fletching
40:55 Padded Archer Armor
42:15 Bodkin Arrow
44:15 Ballistics
45:54 Husbandry
47:44 Leather Archer Armor
53:39 Wheelbarrow
56:27 Imperial Age
55:02 Double-Bit Axe
55:10 Gold Mining
55:40 Hand Cart
56:34 Cranequins
58:28 Chemistry
58:11 Heavy Mounted Crossbowman
DreamStolen
11:34 Feudal Age
18:32 Castle Age
16:57 Fletching
16:58 Horse Collar
20:11 Medium Warships
21:15 Double-Bit Axe
23:34 Wheelbarrow
23:34 Bodkin Arrow
25:43 Scale Mail Armor
25:53 Forging
27:01 Hand Cart
31:37 Heavy Plow
36:03 Imperial Age
34:09 Bow Saw
36:17 Elite War Wagon
37:13 Bracer
39:39 Elite Skirmisher
40:26 Thumb Ring
40:26 Heavy Rocket Cart
伐伐伐伐伐木工
12:03 Feudal Age
13:24 Loom
16:24 Castle Age
14:18 Fishing Lines
15:25 Double-Bit Axe
19:00 Bow Saw
20:24 Horse Collar
21:02 Forging
21:40 Scale Barding Armor
22:16 Gillnets
26:46 Iron Casting
28:29 Chain Barding Armor
34:42 Imperial Age
32:12 Gold Mining
32:13 Stone Mining
33:00 Man-at-Arms
33:40 Squires
33:26 Arson
33:43 Scale Mail Armor
35:35 Coinage
36:01 Chain Mail Armor
36:47 Blast Furnace
35:38 Long Swordsman
37:19 Gold Shaft Mining
36:17 Two-Handed Swordsman
37:31 Banking
38:09 Two-Man Saw
38:16 Plate Mail Armor
38:36 Champion
40:58 Heavy Plow
43:06 Treadmill Crane
43:47 Ballistics
44:28 Chemistry
43:39 Masonry
43:52 Conscription
43:35 Chieftains
48:54 Onager
52:49 Siege Engineers
Connection lost

Rejoining the realm…

Still unreachable

The connection could not be restored.

Session expired

The server has moved on; the page needs a fresh start.